Map: Arctic Dream LE

Players

muskete

  • Race: Terran Terran
  • Spawn Location: 6:00

AndiAbseits

  • Race: Protoss Protoss
  • League: Platinum
  • Spawn Location: 5:00

qqq - Winner!

  • Race: Zerg Zerg
  • League: Platinum
  • Spawn Location: 12:00

Massa - Winner!

  • Race: Terran Terran
  • League: Platinum
  • Spawn Location: 11:00

VOD

Have the link to the VOD?

Description

Time

  • Played on: Dec. 5, 2020, 4:22 p.m.
  • Length: 5:53
Show
View Real Time Build Order
Export as new Build Order

muskete Terran 

Build Orders: Reaper Expand 

Get SALT Encoding   

  12  0:00  SCV  
  13  0:12  SCV  
  14  0:18  Supply Depot  
  14  0:24  SCV  
  15  0:39  SCV  
  15  0:41  Barracks  
  16  0:46  Refinery  
  16  0:51  SCV  
  17  1:03  SCV  
  18  1:17  SCV  
  19  1:29  Reaper  
  19  1:30  Orbital Command  
  20  1:47  Command Center  
  20  2:04  Marine  
  21  2:08  Factory  
  21  2:16  Refinery  
  21  2:17  Supply Depot  
  21  2:22  Marine  
  22  2:28  SCV  
  23  2:42  SCV  
  24  2:45  Marine  
  24  3:03  Marine  
  24  3:04  Factory Tech Lab  
  25  3:07  Starport  
  25  3:13  SCV, Barracks  
  26  3:20  Marine  
  26  3:26  Supply Depot  
  27  3:27  SCV  
  27  3:29  Orbital Command  
  28  3:38  Siege Tank  
  28  3:41  Marine  
  31  3:47  Starport Tech Lab, Barracks  
  32  3:50  SCV  
  33  3:59  Marine  
  33  4:02  SCV  
  35  4:06  Bunker  
  35  4:10  Raven  
  35  4:12  Barracks Tech Lab  
  35  4:14  SCV  
  35  4:16  Marine  
  38  4:21  SCV  
  40  4:24  Supply Depot  
  40  4:26  SCV  
  40  4:30  Refinery  
  41  4:37  Marine x2  
  36  4:54  Marine  
  36  4:55  Marine  
  36  4:56  Siege Tank  
  37  5:12  Marine  
  37  5:13  Marauder  
  39  5:16  SCV  
  30  5:34  Marine  
Show
View Real Time Build Order
Export as new Build Order

AndiAbseits Protoss 

Build Orders: 1 Gate Expand, Dark Templar Rush 

Get SALT Encoding   

  12  0:00  Probe  
  13  0:12  Probe  
  14  0:17  Pylon  
  14  0:25  Probe (Chrono Boost)  
  15  0:37  Probe (Chrono Boost)  
  15  0:39  Gateway  
  16  0:46  Probe (Chrono Boost)  
  17  0:51  Probe  
  17  0:53  Assimilator  
  18  1:03  Probe (Chrono Boost)  
  19  1:12  Probe (Chrono Boost)  
  19  1:17  Probe (Chrono Boost)  
  21  1:29  Nexus  
  21  1:36  Assimilator  
  21  1:46  Cybernetics Core  
  21  1:52  Zealot  
  23  1:59  Pylon  
  23  2:17  Probe (Chrono Boost)  
  23  2:22  Warp Gate  
  24  2:23  Stalker  
  24  2:28  Probe (Chrono Boost)  
  27  2:30  Gateway  
  27  2:33  Probe (Chrono Boost)  
  28  2:46  Probe (Chrono Boost)  
  28  2:47  Twilight Council  
  30  2:55  Probe (Chrono Boost)  
  30  2:58  Probe (Chrono Boost)  
  31  3:02  Stalker  
  31  3:03  Probe x2 (Chrono Boost)  
  35  3:13  Probe  
  35  3:14  Probe  
  37  3:25  Probe (Chrono Boost)  
  37  3:26  Dark Shrine  
  39  3:29  Probe (Chrono Boost)  
  39  3:31  Assimilator  
  39  3:37  Probe (Chrono Boost)  
  41  3:42  Probe (Chrono Boost)  
  41  3:43  Probe (Chrono Boost), Shield Battery  
  41  3:45  Assimilator  
  42  3:50  Probe  
  42  3:51  Probe  
  42  3:55  Pylon  
  44  4:02  Forge  
  44  4:03  Pylon  
  44  4:05  Probe (Chrono Boost)  
  46  4:10  Probe (Chrono Boost)  
  46  4:16  Probe (Chrono Boost)  
  47  4:19  Probe (Chrono Boost)  
  48  4:25  Gateway  
  48  4:28  Shield Battery  
  48  4:31  Shield Battery  
  48  4:36  Zealot x2  
  41  4:54  Pylon  
  41  4:57  Zealot x2  
  41  5:10  Probe x2  
  43  5:19  Zealot x2  
  47  5:25  Probe x2  
  49  5:31  Zealot  
Show
View Real Time Build Order
Export as new Build Order

qqq Zerg - Winner!

Build Orders: Hatch First 

Get SALT Encoding   

  12  0:00  Drone  
  13  0:08  Drone  
  14  0:20  Overlord  
  14  0:43  Hatchery  
  14  0:48  Drone  
  14  0:52  Drone  
  15  1:00  Drone  
  15  1:01  Drone  
  17  1:22  Spawning Pool  
  17  1:23  Extractor  
  15  1:27  Drone  
  15  1:28  Drone  
  17  1:52  Drone  
  17  1:53  Drone  
  18  2:11  Queen  
  18  2:13  Queen  
  18  2:14  Drone x2  
  24  2:15  Drone, Overlord  
  24  2:18  Zergling x2  
  26  2:25  Metabolic Boost  
  26  2:36  Zergling x2  
  27  2:37  Drone  
  27  2:38  Drone  
  27  2:39  Zergling x2  
  30  2:45  Drone  
  30  2:48  Zergling x2  
  32  3:00  Zergling x2  
  32  3:02  Zergling x2, Overlord  
  34  3:10  Overlord  
  34  3:19  Zergling x2  
  35  3:23  Zergling x2  
  35  3:25  Hatchery  
  35  3:27  Zergling x2  
  35  3:28  Drone  
  35  3:29  Zergling x2  
  35  3:31  Zergling x2  
  39  3:36  Zergling x2  
  39  3:39  Zergling x2  
  39  3:40  Zergling x2  
  42  3:48  Overlord  
  42  3:50  Zergling x2  
  42  3:55  Lair  
  43  4:00  Zergling x2  
  43  4:01  Zergling x2  
  43  4:02  Zergling x2  
  46  4:12  Overlord  
  46  4:13  Zergling x4  
  48  4:18  Evolution Chamber  
  46  4:37  Zergling x8  
  47  4:39  Drone, Zergling x2  
  47  4:45  Drone, Queen  
  49  5:06  Zergling x2  
  49  5:07  Zergling x10  
  49  5:08  Zergling x4  
  52  5:20  Zergling x2  
  50  5:21  Zergling x2  
  50  5:22  Zergling x4  
  49  5:30  Overseer  
  48  5:36  Zergling x2  
Show
View Real Time Build Order
Export as new Build Order

Massa Terran - Winner!

Build Orders:  

Get SALT Encoding   

  12  0:00  SCV  
  13  0:13  SCV  
  14  0:17  Supply Depot  
  14  0:25  SCV  
  15  0:40  Barracks  
  15  0:43  SCV  
  15  0:48  Supply Depot  
  16  0:55  SCV  
  17  1:07  SCV  
  17  1:10  Barracks  
  18  1:12  Refinery  
  18  1:19  SCV  
  19  1:39  SCV  
  20  1:46  Marine  
  21  1:52  Orbital Command  
  21  1:53  Barracks  
  21  2:02  Barracks Tech Lab  
  21  2:07  Reaper  
  22  2:12  Supply Depot  
  22  2:22  Marine  
  23  2:39  Marine x2  
  23  2:40  Supply Depot  
  25  2:48  Stimpack  
  25  2:49  Marine  
  26  2:57  Marine  
  26  2:58  Marauder  
  29  3:07  Marine  
  29  3:10  Supply Depot  
  30  3:15  Marine  
  30  3:19  Marauder  
  33  3:25  Marine  
  34  3:33  Marine  
  35  3:41  Marauder  
  37  3:43  Marine, Command Center  
  38  3:50  Marine  
  38  3:53  SCV  
  40  4:00  Marine, Engineering Bay  
  40  4:02  Marauder  
  43  4:08  Marine  
  44  4:18  Marine  
  44  4:23  Marauder  
  47  4:26  Marine  
  48  4:45  Marauder  
  46  4:59  Marine x2  
  47  5:06  Marauder  
  49  5:17  Marine x2  
  51  5:27  Marauder  
  53  5:35  Marine x2  
Tags
 
Add a new tag
Caveats
  • Supply blocks, unpowered buildings, or Contaminate may cause inaccurate times.
  • Supply counts are checked every 10 seconds.